 Dungeon Crawl Stone Soup version 0.27.1-3-gb3d3a73c9e (webtiles) character file.

Game seed: 6554208721785089048

5989 raph the Impaler (level 10, -1/73 (74) HPs)
             Began as a Merfolk Gladiator on Oct 20, 2021.
             Was a Priest of Makhleb.
             Slain by a freezing wraith (4 damage)
             ... in an ice cave.
             The game lasted 00:19:57 (10871 turns).

raph the Impaler (Merfolk Gladiator)               Turns: 10871, Time: 00:19:58

HP:   -1/73 (74)    AC: 11    Str: 15    XL:     10   Next: 85%
MP:   15/15         EV: 16    Int:  7    God:    Makhleb [***...]
Gold: 274           SH:  0    Dex: 19    Spells: 7/9 levels left

rFire    . . .     SeeInvis .   D - +0 glaive (flame)
rCold    + . .     Faith    .   (shield currently unavailable)
rNeg     . . .     Spirit   .   E - +0 steam dragon scales
rPois    .         Reflect  .   c - +0 helmet
rElec    .         Harm     .   r - scarf {repulsion}
rCorr    .         Rampage  .   h - +1 pair of gloves
Will     .....                  q - +2 pair of boots
Stlth    +++.......             o - amulet of magic regeneration
HPRegen  0.22/turn              y - ring of protection from cold
MPRegen  0.39/turn              (no ring)

@: lightly drained, repel missiles
A: (nimble swimmer 2), mertail
a: Renounce Religion, Minor Destruction, Lesser Servant of Makhleb


You were in an ice cave.
You worshipped Makhleb.
Makhleb was most pleased with you.
You visited 2 branches of the dungeon, and saw 10 of its levels.
You also visited: Ice Cave.

You collected 490 gold pieces.
You spent 216 gold pieces at shops.

Inventory:

Hand Weapons
 a - a +0 trident
 s - a +0 trident
 x - a +0 halberd
 D - a +0 glaive of flaming (weapon)
 F - a +2 halberd of protection
Missiles
 d - 4 throwing nets
 l - 6 javelins (quivered)
 p - 25 boomerangs
 u - 2 atropa-tipped darts
 w - 41 poisoned darts
Armour
 b - a +0 leather armour
 c - a +0 helmet (worn)
 h - a +1 pair of gloves (worn)
 i - a +2 scale mail of poison resistance
 k - a scarf of invisibility
 q - a +2 pair of boots (worn)
 r - a scarf of repulsion (worn)
 C - a +2 chain mail of willpower
 E - +0 steam dragon scales (worn)
Jewellery
 o - an amulet of magic regeneration (around neck)
 y - a ring of protection from cold (left hand)
Wands
 t - a wand of flame (6)
 G - a wand of mindburst (14)
Scrolls
 v - a scroll of amnesia
 I - a scroll of holy word
Potions
 e - 9 potions of flight
 f - a potion of haste
 g - 2 potions of heal wounds
 j - 3 potions of might
 m - 3 potions of attraction
 n - a potion of mutation
 z - 3 potions of curing
 A - a potion of ambrosia
 B - 2 potions of lignification
 H - a potion of berserk rage
 J - a potion of magic
 K - 2 potions of brilliance


   Skills:
 - Level 5.3 Fighting
 + Level 16.8 Polearms
 - Level 2.2 Throwing
 - Level 7.1 Dodging
 - Level 5.0 Stealth
 - Level 6.8 Invocations


You had 7 spell levels left.
You knew the following spells:

 Your Spells              Type           Power      Damage    Failure   Level
a - Corona                Hex            0%         N/A       43%         1
b - Apportation           Tloc           0%         N/A       43%         1

Your spell library contained the following spells:

 Spells                   Type           Power      Damage    Failure   Level
 Animate Skeleton         Necr           0%         N/A       43%         1
 Summon Small Mammal      Summ           0%         N/A       43%         1
 Call Canine Familiar     Summ           0%         N/A       80%         3
 Portal Projectile        Hex/Tloc       0%         N/A       80%         3
 Cause Fear               Hex            0%         N/A       99%         4
 Leda's Liquefaction      Hex/Erth       0%         N/A       99%         4
 Dragon Form              Tmut           0%         N/A       100%        7
 Dragon's Call            Summ           0%         N/A       100%        9


Dungeon Overview and Level Annotations

Branches:
Dungeon (8/15)             Temple (0/1) D:4            Lair (2/6) D:8
  IceCv (1/1)
  Swamp: Lair:2-4    Shoals: Lair:2-4     Snake: Lair:2-4    Spider: Lair:2-4

Altars:
Dithmenos
Makhleb
Okawaru
Uskayaw
Wu Jian

Shops:
D:5 *(   D:6 *

Annotations:
D:8 3 runed translucent doors, Garym's ghost, novice MiFi


Innate Abilities, Weirdness & Mutations

((You are quick and stealthy near water. (Stealth+, EV+, Speed+++)))
Your lower body shifts to a powerful aquatic tail in water.


Message History

You slash the polar bear simulacrum!
You melt the polar bear simulacrum.
The polar bear simulacrum is almost destroyed.
The polar bear simulacrum bites you. The polar bear simulacrum freezes you!
You resist. The polar bear simulacrum claws you.
The polar bear simulacrum freezes you! You resist.
The polar bear simulacrum claws you but does no damage.
You slash the polar bear simulacrum!
You melt the polar bear simulacrum.
The polar bear simulacrum vaporises!
Makhleb accepts your kill.
The freezing wraith hits you but does no damage. x2
You hit the freezing wraith but do no damage.
The freezing wraith closely misses you. x2
You slash the freezing wraith! You burn the freezing wraith.
The freezing wraith is heavily damaged.
The cane toad simulacrum misses you. The freezing wraith misses you. x2
The entropy weaver simulacrum misses you.
The entropy weaver simulacrum hits you.
The entropy weaver simulacrum freezes you!
You resist.
The entropy weaver simulacrum misses you.
The entropy weaver simulacrum hits you but does no damage.
A demon appears!
The cane toad simulacrum hits you! The cane toad simulacrum freezes you.
You resist.
* * * LOW HITPOINT WARNING * * *
The freezing wraith barely misses you.
The freezing wraith hits you but does no damage.
The entropy weaver simulacrum misses you. x3
The entropy weaver simulacrum hits you but does no damage.
The anaconda simulacrum constricts your neqoxec.
The anaconda simulacrum freezes your neqoxec!!
Your neqoxec dies!
There is an ice covered gate leading back out of this place here.
A demon appears!
The anaconda simulacrum constricts you.
* * * LOW HITPOINT WARNING * * *
The anaconda simulacrum freezes you! You resist.
* * * LOW HITPOINT WARNING * * *
The anaconda simulacrum completely misses you.
The cane toad simulacrum completely misses you.
The freezing wraith hits you.
You die...

#######
##....3##
##..Z@...##
##...WZ....##
#....Z∩.....#
#...........#
#.........Z.#
#.............#
#....8...8....#
#......?......#
##....[[$....##


You could see a freezing wraith, an anaconda simulacrum (ally target), 2 cane
toad simulacra, an entropy weaver simulacrum and a friendly neqoxec (summoned).

Vanquished Creatures
  Pikel (D:5)
  A black mamba (Lair:1)
  A cane toad (Lair:1)
  A rime drake (Lair:1)
  Maggie (D:7)
  A troll (D:7)
  Grinder (D:6)
  A vampire (D:7)
  Eustachio (D:6)
  A basilisk (Lair:2)
  Edmund (D:5)
  Menkaure (D:4)
  A water moccasin (Lair:1)
  Duvessa (D:7)
  An orc warrior (D:8)
  An ice beast (D:6)
  4 sky beasts
  A necrophage (D:7)
  An ogre (D:5)
  4 centaurs
  2 phantoms
  A kobold brigand (D:7)
  2 gnoll sergeants
  2 bullfrogs (D:6)
  2 scorpions
  A wyvern skeleton (D:5)
  Dowan (D:7)
  3 electric eels (D:8)
  3 wights
  A howler monkey (D:6)
  A centaur zombie (D:7)
  A centaur skeleton (D:6)
  A jelly (D:6)
  2 orc priests (D:8)
  5 hounds
  A bullfrog skeleton (D:4)
  A gnoll shaman (D:7)
  Terence (D:2)
  6 iguanas
  3 orc wizards
  A polar bear simulacrum (IceCv)
  2 hell rats (Lair:1)
  A hound skeleton (D:5)
  14 gnolls
  8 adders
  9 river rats (Lair:1)
  A shadow imp (D:7)
  An adder skeleton (D:4)
  3 worms (D:2)
  3 dart slugs
  23 orcs
  8 endoplasms
  5 giant cockroaches
  3 goblins
  12 hobgoblins
  4 jackals
  11 kobolds
  3 quokkas
  3 training dummies (D:5)
  11 ball pythons
  8 bats
  4 frilled lizards
  4 rats
208 creatures vanquished.

Vanquished Creatures (collateral kills)
  A river rat (Lair:1)
  A rat (Lair:1)
2 creatures vanquished.

Vanquished Creatures (others)
  2 fungi
  A plant (Lair:1)
3 creatures vanquished.

Grand Total: 213 creatures vanquished

Notes
Turn   | Place    | Note
-------+----------+-------------------------------------------
     0 | D:1      | raph the Merfolk Gladiator began the quest for the Orb.
     0 | D:1      | Reached XP level 1. HP: 16/16 MP: 1/1
    48 | D:1      | Reached skill level 5 in Polearms
   111 | D:1      | Reached XP level 2. HP: 22/22 MP: 2/2
   470 | D:1      | Reached skill level 6 in Polearms
   470 | D:1      | Reached XP level 3. HP: 26/27 MP: 3/3
   861 | D:2      | Noticed Terence
   877 | D:2      | Killed Terence
   878 | D:2      | Reached skill level 7 in Polearms
   878 | D:2      | Reached XP level 4. HP: 26/33 MP: 4/4
  1087 | D:2      | Found a burning altar of Makhleb.
  1375 | D:2      | Became a worshipper of Makhleb the Destroyer
  1664 | D:2      | Reached skill level 8 in Polearms
  1670 | D:2      | Reached XP level 5. HP: 29/38 MP: 5/5
  2344 | D:3      | Found a faded altar of an unknown god.
  2418 | D:3      | Reached skill level 9 in Polearms
  2706 | D:3      | Reached * piety under Makhleb
  2977 | D:4      | Noticed Menkaure
  2983 | D:4      | Killed Menkaure
  2984 | D:4      | Reached skill level 10 in Polearms
  2984 | D:4      | Reached XP level 6. HP: 40/44 MP: 6/6
  3414 | D:4      | Reached XP level 7. HP: 50/50 MP: 7/7
  3478 | D:4      | Reached skill level 11 in Polearms
  3599 | D:4      | Found a staircase to the Ecumenical Temple.
  4178 | D:5      | Entered Level 5 of the Dungeon
  4221 | D:5      | Found Sues's Superlative Supplies.
  4349 | D:5      | Bought a scarf of repulsion for 156 gold pieces
  4491 | D:5      | Reached skill level 12 in Polearms
  4564 | D:5      | Noticed Edmund
  4577 | D:5      | Killed Edmund
  4578 | D:5      | Reached XP level 8. HP: 19/56 MP: 8/8
  4823 | D:5      | Noticed Pikel
  4845 | D:5      | Killed Pikel
  4846 | D:5      | Reached skill level 14 in Polearms
  4846 | D:5      | Reached skill level 1 in Stealth
  4846 | D:5      | Reached skill level 1 in Invocations
  5045 | D:5      | Found Dotheu's Firing Range.
  5285 | D:5      | Found an iron altar of Okawaru.
  5479 | D:6      | Found a burning altar of Makhleb.
  5644 | D:6      | Reached skill level 5 in Dodging
  5644 | D:6      | Reached XP level 9. HP: 59/64 MP: 11/11
  5709 | D:6      | Noticed Eustachio
  5735 | D:6      | Killed Eustachio
  6042 | D:6      | Found a hide-covered altar of Uskayaw.
  6049 | D:6      | Reached ** piety under Makhleb
  6073 | D:6      | Noticed Grinder
  6088 | D:6      | Killed Grinder
  6237 | D:6      | Reached skill level 5 in Invocations
  6423 | D:6      | Found Cohasy's CLEARANCE SALE! EVERYTHING MUST GO!.
  6431 | D:6      | Bought a potion of haste for 60 gold pieces
  7377 | D:7      | Found an ornate altar of the Wu Jian Council.
  7503 | D:7      | Noticed Dowan
  7505 | D:7      | Noticed Duvessa
  7511 | D:7      | Killed Dowan
  7527 | D:7      | Killed Duvessa
  7528 | D:7      | Reached skill level 5 in Fighting
  7783 | D:7      | Reached XP level 10. HP: 74/74 MP: 14/14
  7811 | D:7      | Found a shadowy altar of Dithmenos.
  7902 | D:7      | Noticed Maggie
  7911 | D:7      | Killed Maggie
  7912 | D:7      | Reached skill level 5 in Stealth
  8225 | D:8      | Found a staircase to the Lair.
  8463 | D:7      | Reached *** piety under Makhleb
  8708 | D:8      | Learned a level 1 spell: Corona
  8710 | D:8      | Learned a level 1 spell: Apportation
  8837 | D:8      | Reached skill level 15 in Polearms
  9177 | D:8      | Noticed a boulder beetle
  9235 | D:8      | Found a runed translucent gate.
  9235 | D:8      | Found a runed translucent gate.
  9235 | D:8      | Found a runed translucent gate.
  9260 | D:8      | Noticed Garym's ghost (novice MiFi)
  9746 | Lair:1   | Entered Level 1 of the Lair of Beasts
  9811 | Lair:1   | Noticed a black mamba
  9826 | Lair:1   | Killed a black mamba
  9987 | Lair:1   | Reached skill level 16 in Polearms
 10184 | Lair:1   | Noticed a cane toad
 10194 | Lair:1   | Killed a cane toad
 10834 | Lair:2   | Found a frozen archway.
 10859 | IceCv    | Entered an ice cave
 10871 | IceCv    | HP: 3/73 [anaconda simulacrum (10)]
 10871 | IceCv    | Slain by a freezing wraith

Illustrated notes

Levels and vault maps discovered:
D:1:      elethiomel_arrival_shortcut, layout_rooms
D:2:      layout_loops_ring, basic_altar, minmay_hexomino_c4, uniq_terence,
          uniq_crazy_yiuf_cottage
D:3:      minmay_chambers_of_twos, layout_rooms,
          chequers_ecumenical_altar_simple, interstate_on_off
D:4:      layout_layer_cave, minmay_temple_entry_gardened_gates, uniq_menkaure
D:5:      layout_loops_cross, nicolae_alphabet_shops, kennysheep_flooded_box,
          roderic_roman_lattice, st_stairs_14, nicolae_shop_firing_range,
          uniq_pikel, uniq_edmund
D:6:      layout_loops_ring, old_standard_altar, mainiacjoe_overflow_brackets,
          nicolae_shop_clearance, uniq_grinder, uniq_eustachio
D:7:      layout_rooms, grunt_dithmenos_smoke_and_mirrors, lemuel_crystal_altar,
          lemuel_another_geyser, uniq_maggie, uniq_duvessa
D:8:      layout_gridville, erik_lair_island, gammafunk_ghost_split
Lair:1:   layout_regular_city, kennysheep_rathole
Lair:2:   layout_layer_cave, minmay_snake_entry_guardpost_small,
          portal_ice_cave_entry_pillars_2, minmay_lindwurm_lava
IceCv:    ice_cave_statue_garden_transporter

Skill      XL: |  1  2  3  4  5  6  7  8  9 10 |
---------------+-------------------------------+-----
Polearms       | 5 6 7 8 10 12 14 16 | 16.8
Stealth        | 2 4 5 |  5.0
Invocations    | 3 6 |  6.8
Fighting       | 3 5 |  5.3
Dodging        | 5 6 7 |  7.1
Throwing       | |  2.2

Action                   |  1- 3 |  4- 6 |  7- 9 | 10-12 || total
-------------------------+-------+-------+-------+-------++-------
Melee: Trident           |   105 |   169 |   224 |       ||   498
       Halberd           |       |       |   187 |     6 ||   193
       Glaive            |       |       |       |   171 ||   171
Throw: Boomerang         |       |     3 |       |       ||     3
       Dart              |       |       |    10 |       ||    10
       Javelin           |       |       |     2 |     9 ||    11
Invok: Minor Destruction |       |       |     4 |       ||     4
       Lesser Servant of |       |       |       |     4 ||     4
  Use: Scroll            |       |     6 |     9 |     5 ||    20
       Potion            |       |       |     3 |     1 ||     4
 Stab: Sleeping          |       |     1 |     5 |     3 ||     9
       Invisible         |       |       |     1 |       ||     1
Armor: Leather armour    |    18 |    10 |    80 |     1 ||   109
       Scale mail        |     9 |    60 |       |       ||    69
       Skin              |     1 |       |       |       ||     1
       Steam dragon scal |       |       |       |    45 ||    45
Dodge: Dodged            |    60 |    66 |   175 |   162 ||   463
       Repelled          |       |       |       |     1 ||     1
